 Dungeon Crawl Stone Soup version 0.27.0-1-g7a089689b8 (webtiles) character file.

Game seed: 1323449854476465258

65 drunkbafoobis the Magician (level 4, 0/34 HPs)
             Began as a Djinni Fire Elementalist on Aug 8, 2021.
             Slain by a jackal (1 damage)
             ... on level 2 of the Dungeon.
             The game lasted 00:09:05 (2646 turns).

drunkbafoobis the Magician (DjFE)                   Turns: 2646, Time: 00:09:08

Health: 0/34       AC:  2    Str:  4 (7)  XL:     4   Next: 35%
Gold:   62         EV: 12    Int: 15 (18) God:
                   SH:  0    Dex: 10 (13)

rFire    + + .     SeeInvis .   e - +0 rapier (drain)
rCold    x . .     Faith    .   (no shield)
rNeg     . . .     Spirit   .   a - +0 robe
rPois    ∞         Reflect  .   (no helmet)
rElec    .         Harm     .   (no cloak)
rCorr    .         Rampage  .   (no gloves)
Will     .....                  (boots unavailable)
Stlth    ++........             (no amulet)
HPRegen  0.11/turn              (no ring)
MPRegen  0.00/turn              (no ring)

@: flying
A: sickness immunity, fire resistance 2, cold vulnerability 1, float, innate
caster, hp casting, extra vitality 1
a: no special abilities


You were on level 2 of the Dungeon.
You visited 1 branch of the dungeon, and saw 2 of its levels.

You collected 62 gold pieces.

Inventory:

Hand Weapons
 c - a +0 dagger
 e - a +0 rapier of draining (weapon)
Missiles
 l - 5 boomerangs (quivered)
Armour
 a - a +0 robe (worn)
Scrolls
 b - a scroll of teleportation {unknown}
 g - 2 scrolls of identify {unknown}
 h - a scroll of fear {unknown}
 i - a scroll of enchant armour {unknown}
 j - a scroll of amnesia {unknown}
 k - a scroll of vulnerability {unknown}
 m - a scroll of noise {unknown}
Potions
 f - a potion of attraction {unknown}


   Skills:
 + Level 2.4 Fighting
 + Level 0.4 Short Blades
 + Level 0.2 Axes
 - Level 2.1 Dodging
 - Level 1.5 Stealth
 * Level 3.0 Spellcasting


You couldn't memorise any spells.
You knew the following spells:

 Your Spells              Type           Power      Damage    Failure   Level
a - Foxfire               Conj/Fire      44%        2x1d6     5%          1
b - Conjure Flame         Conj/Fire      11%        6-21      17%         3
c - Inner Flame           Hex/Fire       11%        N/A       17%         3
d - Sticky Flame          Conj/Fire      11%        2d3       50%         4
e - Fireball              Conj/Fire      5%         3d5       83%         5
f - Sting                 Tmut/Pois      44%        1d5       5%          1
Your spell library was empty.

Dungeon Overview and Level Annotations

Branches:
Dungeon (2/15)

Altars:


Innate Abilities, Weirdness & Mutations

You are immune to sickness and miasma.
You are immune to poison.
Your flesh is very heat resistant. (rF++)
You are vulnerable to cold. (rC-)
You float through the air rather than walking.
You learn spells naturally, not from books.
Your magical power is your life essence.
You have superior vitality. (+4 HP)


Message History

You closely miss the jackal.
The jackal bites you. x3; The jackal misses you.
You hit the jackal.
The jackal is heavily wounded.
The jackal bites you. x2
* * * LOW HITPOINT WARNING * * *
The jackal misses you.
You closely miss the jackal.
The jackal is heavily wounded.
The jackal closely misses you. The jackal bites you.
* * * LOW HITPOINT WARNING * * *
The jackal barely misses you.
You hit the jackal. You drain the jackal.
You kill the jackal!
The jackal bites you but does no damage.
The jackal barely misses you.
You barely miss the jackal. The jackal bites you.
* * * LOW HITPOINT WARNING * * *
The jackal bites you.
* * * LOW HITPOINT WARNING * * *
You closely miss the jackal. The jackal closely misses you.
You hit the jackal but do no damage. You drain the jackal.
The jackal is heavily wounded.
The jackal bites you.
* * * LOW HITPOINT WARNING * * *
The jackal bites you.
* * * LOW HITPOINT WARNING * * *
The jackal bites you.
* * * LOW HITPOINT WARNING * * *
Casting: Foxfire (safe; 4% risk of failure)
Confirm with . or Enter, or press ? or * to list all spells.
You conjure some foxfire!
* * * LOW HITPOINT WARNING * * *
The jackal closely misses you.
It was a potion of degeneration.
There was something very wrong with that liquid.
You feel weakened.
You feel dopey.
You feel clumsy.
The foxfire hits the jackal but does no damage.
The jackal is moderately wounded.
The jackal bites you.
You die...

#.≈≈≈≈..P# ##.
#♣♣≈≈♣...# #..
#P≈♣≈≈≈..# #.#
#..≈≈≈♣♣♣# #.#
#..≈≈≈≈≈.###.#
#P..♣≈♣...##.#
######P♣:P..P.##.. ###
#v.....♣....#...#.
##.###@####.#P......###
#..Jbh.§.##.##.P...## #
##.###.#..........##
#.# #.####....###.## #
$.. #..>...........###
.....♣###.#.##.#####.#.
h♣h≈♣.. #.#.##.# ##.#
.≈≈≈♣≈≈.P #.#....# ###
.. ♣≈ ≈≈≈..♣......# #


You could see an endoplasm, a jackal (drained, ally target) and a bat.

Vanquished Creatures
  2 dart slugs
  7 bats
  7 endoplasms
  2 giant cockroaches (D:1)
  4 goblins
  3 hobgoblins
  11 jackals
  3 quokkas
  4 ball pythons
  A frilled lizard (D:2)
  6 kobolds
  A rat (D:1)
51 creatures vanquished.

Vanquished Creatures (others)
  54 foxfires
  7 plants (D:2)
61 creatures vanquished.

Grand Total: 112 creatures vanquished

Notes
Turn   | Place    | Note
-------+----------+-------------------------------------------
     0 | D:1      | drunkbafoobis the Djinni Fire Elementalist began the quest
                  | for the Orb.
     0 | D:1      | Reached XP level 1. HP: 15/15 MP: 0/0
    99 | D:1      | Reached skill level 1 in Fighting
   394 | D:1      | Reached XP level 2. HP: 12/22 MP: 0/0
   775 | D:1      | Found a faded altar of an unknown god.
  1102 | D:1      | Reached XP level 3. HP: 26/28 MP: 0/0
  1102 | D:1      | Learned a level 1 spell: Sting
  2054 | D:2      | Reached XP level 4. HP: 21/34 MP: 0/0
  2386 | D:2      | Reached skill level 3 in Spellcasting
  2646 | D:2      | Slain by a jackal

Illustrated notes

Levels and vault maps discovered:
D:1:      wander_arrival_lonely_grave, layout_basic,
          hellmonk_ecumenical_altar_slurped_away, minmay_cupped
D:2:      layout_loops_cross, serial_bayou, serial_bayou_crossing,
          serial_bayou_pond_a, serial_bayou_pond_a, serial_bayou_pond_a

Skill      XL: |  1  2  3  4 |
---------------+-------------+-----
Fighting       | 1 2 |  2.4
Spellcasting   | 3 |  3.0
Short Blades   | |  0.4
Axes           | |  0.2
Dodging        | |  2.1
Stealth        | |  1.5

Action                   |  1- 3 |  4- 6 || total
-------------------------+-------+-------++-------
Melee: Unarmed           |     1 |       ||     1
       Dagger            |    23 |       ||    23
       Rapier            |    39 |    51 ||    90
 Cast: Foxfire           |    41 |     1 ||    42
  Use: Potion            |     1 |     1 ||     2
 Stab: Sleeping          |     2 |     2 ||     4
Armor: Robe              |    30 |    18 ||    48
Dodge: Dodged            |    95 |    46 ||   141
